 Dungeon Sprint DCSS version 0.22.1-1-ga44c0e56f4 (webtiles) character file.

6564 KleinerIrrer the Severer (level 10, -12/103 HPs)
             Began as a Deep Dwarf Fighter on Nov 1, 2018.
             Was the Champion of Makhleb.
             Shot with an arrow by a deep elf master archer (27 damage)
             ... in the Dungeon (Sprint V: "Ziggurat Sprint").
             The game lasted 00:08:27 (365 turns).

KleinerIrrer the Severer (Deep Dwarf Fighter)        Turns: 365, Time: 00:08:29

Health: -12/103    AC: 23    Str: 34    XL:     10   Next: 70%
Magic:  10/10      EV:  2    Int: 10    God:    Makhleb [******]
Gold:   0          SH: 33    Dex: 12    Spells: 9/9 levels left

rFire    + + .     SeeInvis +   l - +14 obsidian axe {chop, +Fly SInv *Curse} (curse)
rCold    + + .     Gourm    .   m - +18 shield of the Gong {rElec rN+ MR+ EV-5}
rNeg     + . .     Faith    .   c - +5 gold dragon scales
rPois    +         Spirit   .   (no helmet)
rElec    +         Reflect  .   B - scarf {rC+ rF+}
rCorr    .         Harm     .   (no gloves)
MR       ++...     NoTele   +   (no boots)
Stlth    ..........             (no amulet)
HPRegen  0.00/turn              s - +6 ring of strength
MPRegen  0.12/turn              t - +6 ring of strength

@: lethally poisoned (-12 -> -12), mesmerised, non-regenerating, studying 2
skills
A: damage resistance, heal wounds, sense surroundings 2, no regeneration
a: Heal Wounds, Minor Destruction, Lesser Servant of Makhleb, Major Destruction,
Greater Servant of Makhleb, Renounce Religion, Evoke Flight


You were in the Dungeon.
You worshipped Makhleb.
Makhleb was exalted by your worship.
You were not hungry.

You visited 1 branch

Inventory:

Hand Weapons
 l - the cursed +14 obsidian axe (weapon) {chop, +Fly SInv *Curse}
   (You found it in the Dungeon)

   It inflicts extra damage upon your enemies.
   It lets you see invisible.
   It lets you fly.
   It curses itself when equipped.
   It has a curse placed upon it.
 n - the +7 Singing Sword
   (You found it in the Dungeon)
 v - the +10 dark maul {crush}
   (You found it in the Dungeon)

   It inflicts extra damage upon your enemies.
Armour
 b - a +0 scale mail
 c - +5 gold dragon scales (worn)
 m - the +18 shield of the Gong (worn) {rElec rN+ MR+ EV-5}
   (You found it in the Dungeon)

   It affects your evasion (-5).
   It insulates you from electricity.
   It protects you from negative energy.
   It affects your resistance to hostile enchantments.
 w - the +15 Maxwell's patent armour {-Cast -Tele rElec MR+ rCorr}
   (You found it in the Dungeon)

   It insulates you from electricity.
   It affects your resistance to hostile enchantments.
   It prevents spellcasting.
   It prevents most forms of teleportation.
   It provides partial protection from all sources of acid and corrosion.
 B - a scarf of resistance (worn)
Jewellery
 o - a +6 ring of dexterity
 p - a +6 ring of dexterity
 q - a +6 ring of intelligence
 r - a +6 ring of intelligence
 s - a +6 ring of strength (left hand)
 t - a +6 ring of strength (right hand)
 u - an uncursed ring of flight
 C - an uncursed ring of stealth
 D - the ring of Tulips {rPois Int+5}
   (You found it in the Dungeon)

   [ring of intelligence]

   It affects your intelligence (+5).
   It protects you from poison.
 E - an uncursed ring of magical power
 F - an uncursed ring of magical power
 H - the ring of Omonesh {Ice rPois Int+2}
   (You found it in the Dungeon)

   [ring of ice]

   It enhances your ice magic.
   It affects your intelligence (+2).
   It makes you vulnerable to fire.
   It protects you from cold.
   It protects you from poison.
 I - the ring "Tuicsig" {rF- Str+8 Int-2 SInv Stlth-}
   (You found it in the Dungeon)

   [ring of attention]

   It affects your strength (+8).
   It affects your intelligence (-2).
   It makes you vulnerable to fire.
   It lets you see invisible.
   It makes you less stealthy.
 J - an uncursed ring of protection from fire
 K - a +3 ring of protection
Wands
 x - a wand of disintegration (7)
 y - a wand of iceblast (7)
 z - a wand of acid (7)
Scrolls
 k - a scroll of blinking
Potions
 d - a potion of might
 e - a potion of curing
 g - a potion of heal wounds
 h - 5 potions of haste
 i - 2 potions of magic
 j - a potion of berserk rage
Books
 A - a manual of Transmutations
 G - a manual of Staves
Comestibles
 a - 11 chunks of flesh
 f - 7 rations


   Skills:
 + Level 10.9 Fighting
 + Level 15.8 Axes
 * Level 12.3 Armour
 - Level 0.3 Stealth
 - Level 15.1 Shields


You had 9 spell levels left.
You didn't know any spells.
Your spell library contained the following spells:

 Spells                   Type           Power        Failure   Level  Hunger
 Flame Tongue             Conj/Fire      #....        99%         1    ##.....
 Infusion                 Chrm           #...         99%         1    ##.....
 Sandblast                Erth           #.....       99%         1    ##.....
 Sting                    Conj/Pois      #...         99%         1    ##.....
 Passwall                 Tmut/Erth      #.......     100%        2    ###....
 Shroud of Golubria       Chrm/Tloc      #.........   100%        2    ###....
 Swiftness                Chrm/Air       #.......     100%        2    ###....
 Throw Flame              Conj/Fire      #.....       100%        2    ###....
 Gell's Gravitas          Tloc           #.........   100%        3    ####...
 Ignite Poison            Fire/Tmut/Pois #.......     100%        3    ####...
 Mephitic Cloud           Conj/Pois/Air  #.......     100%        3    ####...
 Portal Projectile        Hex/Tloc       #.....       100%        3    ####...
 Recall                   Summ/Tloc      N/A          100%        3    ####...
 Stone Arrow              Conj/Erth      #.....       100%        3    ####...
 Animate Dead             Necr           N/A          100%        4    #####..
 Force Lance              Conj/Tloc      #.......     100%        4    #####..
 Leda's Liquefaction      Hex/Erth       #.........   100%        4    #####..
 Petrify                  Tmut/Erth      #.......     100%        4    #####..
 Sticky Flame             Conj/Fire      #.......     100%        4    #####..
 Borgnjor's Vile Clutch   Necr/Erth      #.........   100%        5    ######.
 Lee's Rapid Deconstruct  Erth           #.........   100%        5    ######.
 Bolt of Fire             Conj/Fire      #.........   100%        6    #######
 Death Channel            Necr           #.........   100%        6    #######
 Dispersal                Tloc           #.........   100%        6    #######
 Iron Shot                Conj/Erth      #.........   100%        6    #######
 Simulacrum               Ice/Necr       #.........   100%        6    #######
 Haunt                    Necr/Summ      #.........   100%        7    #######
 Borgnjor's Revivificati  Necr           #.........   100%        8    #######
 Controlled Blink         Tloc           N/A          100%        8    #######
 Death's Door             Chrm/Necr      #.........   100%        8    #######
 Disjunction              Tloc           #.........   100%        8    #######
 Infestation              Necr           #.........   100%        8    #######
 Necromutation            Tmut/Necr      #.........   100%        8    #######


Dungeon Overview and Level Annotations

Branches:
Dungeon (1/1)

Altars:
Ashenzari
Cheibriados
Dithmenos
Elyvilon
Fedhas
Gozag
Hepliaklqana
Kikubaaqudgha
Makhleb
Nemelex Xobeh
Okawaru
Qazlal
Ru
Sif Muna
Trog
Uskayaw
Vehumet
Wu Jian
Xom
Yredelemnul
Zin
The Shining One
Beogh
Jiyva
Lugonu

Annotations:
D 1 transporter


Innate Abilities, Weirdness & Mutations

You are resistant to damage.
You can heal yourself by infusing magical energy.
You passively map the area around you.
You do not regenerate.


Message History

You miss the deep elf blademaster.
The deep elf blademaster is lightly wounded.
You hit the deep elf master archer. You open a gate to Pandemonium!
A demon appears!
Visions of slaying the deep elf master archer flood into your mind.
The deep elf blademaster hits you but does no damage.
The deep elf blademaster hits you with a rapier.
The deep elf master archer shoots an arrow.
GONNNNG!
You block the arrow.
The deep elf blademaster hits you with a rapier!!
* * * LOW HITPOINT WARNING * * *
The deep elf blademaster hits you with a rapier!
* * * LOW HITPOINT WARNING * * *
The deep elf annihilator casts a spell.
The deep elf annihilator blinks!
The deep elf archer hits your smoke demon with an uncursed short sword!
The deep elf master archer shoots an arrow.
The arrow hits you!!
You die...

,,, ▓....©....▓...©...▓
*
*▓▓▓▓▓▓▓▓▓▓▓▓▓▓▓▓▓▓▓▓▓
© ,,
▓...8©8...▓...8©8...▓ ,
,▓...§§:}..▓..)[})}..▓
,
,▓.."[§E...▓...}[))..▓
,*
▓...Ee§...▓.........▓
▓....§eee.▓..).)....▓ ,
,▓...ee33..▓...|))...▓
,
,,▓...e@....▓...)(....▓
,,
,▓....(....▓.........▓
* ▓....(....▓....©....▓
, ,
▓....©...e▓▓▓▓▓▓▓▓▓▓▓ *
* ▓▓▓▓▓▓▓▓▓▓▓ ** * * *
, © , , , © , , ,,,, ,
, , , ,, , , ,, , , , ,
, ,, ,,


You could see a deep elf blademaster, a deep elf master archer, a deep elf
annihilator, 2 deep elf sorcerers, a deep elf archer, a deep elf knight, a deep
elf high priest, an earth elemental, a fire elemental, a friendly sixfirhy and a
friendly smoke demon.

Vanquished Creatures
  A centaur warrior (D)
  An ugly thing (D)
  2 wolf spiders (D)
  A cyclops (D)
  2 yaktaurs (D)
  3 jumping spiders (D)
  A queen bee (shapeshifter) (D)
  A tarantella (D)
  2 spriggans (D)
  3 nagas (D)
  3 insubstantial wisps (D)
  3 orc warriors (D)
  2 wolves (D)
  A centaur (D)
  A scorpion (D)
  2 orc priests (D)
  2 orc wizards (D)
  2 adders (D)
  3 adder zombies (D)
  An orc (D)
  6 ball pythons (D)
  A jackal skeleton (D)
  A leopard gecko skeleton (D)
45 creatures vanquished.

Vanquished Creatures (collateral kills)
  A yaktaur captain (D)
  An ugly thing (D)
  A wolf spider (D)
  2 naga magi (D)
  An insubstantial wisp (D)
  A hell hound (D)
  A crimson imp (D)
  An orc wizard (D)
9 creatures vanquished.

Vanquished Creatures (others)
  A spatial maelstrom (D)
1 creature vanquished.

Grand Total: 55 creatures vanquished

Notes
Turn   | Place    | Note
-------+----------+-------------------------------------------
     0 | D        | Found the +6 Majin-Bo {vamp, Archmagi MP+6 Int+6}
     0 | D        | Found the +7 great mace "Firestarter" {inner flame, rF++}
     0 | D        | KleinerIrrer the Deep Dwarf Fighter began the quest for the
                  | Orb.
     0 | D        | Reached XP level 1. HP: 20/20 MP: 1/1
     6 | D        | Found a blossoming altar of Fedhas.
     7 | D        | Found a viscous altar of Jiyva.
     7 | D        | Found a hazy altar of Hepliaklqana.
     7 | D        | Found a transporter.
     7 | D        | Found an opulent altar of Gozag.
     7 | D        | Found an ancient bone altar of Kikubaaqudgha.
     7 | D        | Found a corrupted altar of Lugonu.
    11 | D        | Found a burning altar of Makhleb.
    12 | D        | Found a stormy altar of Qazlal.
    12 | D        | Found a sacrificial altar of Ru.
    12 | D        | Found an iron altar of Okawaru.
    12 | D        | Found a deep blue altar of Sif Muna.
    12 | D        | Found a sparkling altar of Nemelex Xobeh.
    12 | D        | Found a bloodstained altar of Trog.
    15 | D        | Banished a spatial maelstrom
    19 | D        | Found the +9 heavy crossbow "Sniper" {velocity, Acc+∞ SInv}
    19 | D        | Found the +10 dark maul {crush}
    19 | D        | Found the +15 Maxwell's patent armour {-Cast -Tele rElec
                  | MR+ rCorr}
    19 | D        | Found the +18 shield of the Gong {rElec rN+ MR+ EV-5}
    19 | D        | Found the cursed +14 obsidian axe {chop, +Fly SInv *Curse}
    21 | D        | Found the +6 shillelagh "Devastator" {shatter}
    21 | D        | Found the +11 plutonium sword {*Contam Stlth-}
    21 | D        | Found the +8 lance "Wyrmbane" {slay drac, rPois rF+ rC+
                  | AC+3}
    21 | D        | Found the +9 sword of Zonguldrok {reap}
    21 | D        | Found the cursed +13 scythe of Curses {drain, *Curse}
    21 | D        | Found the +0 sword of Power
    21 | D        | Found the +7 mace of Variability {chain chaos}
    21 | D        | Found the +7 Singing Sword
    21 | D        | Found the +7 longbow "Piercer" {penet, EV-2}
    95 | D        | Became a worshipper of Makhleb the Destroyer
   121 | D        | Entered arena 2.
   121 | D        | Found a transporter.
   136 | D        | Entered arena 3.
   136 | D        | Noticed a green ugly thing
   136 | D        | Noticed a human
   136 | D        | Noticed a green ugly thing
   136 | D        | Found a transporter.
   138 | D        | Noticed a queen bee
   138 | D        | a human changed into a queen bee
   141 | D        | Noticed an ice devil
   142 | D        | Killed a green ugly thing
   142 | D        | Reached * piety under Makhleb
   142 | D        | Reached XP level 2. HP: 10/34 MP: 2/2
   142 | D        | Reached XP level 3. HP: 12/42 MP: 3/3
   142 | D        | Reached XP level 4. HP: 14/49 MP: 4/4
   142 | D        | Reached XP level 5. HP: 16/56 MP: 5/5
   142 | D        | Reached XP level 6. HP: 18/63 MP: 6/6
   143 | D        | Killed a white ugly thing
   143 | D        | Reached skill level 10 in Shields
   143 | D        | Reached XP level 7. HP: 22/74 MP: 7/7
   145 | D        | Killed a queen bee
   145 | D        | Reached skill level 10 in Armour
   172 | D        | Entered arena 4.
   172 | D        | Found a transporter.
   174 | D        | Reached ** piety under Makhleb
   174 | D        | Reached XP level 8. HP: 11/82 MP: 8/8
   178 | D        | Reached skill level 10 in Axes
   185 | D        | Got the Guide on the Venomous Arsonist
   189 | D        | Entered arena 5.
   189 | D        | Found a transporter.
   191 | D        | Reached *** piety under Makhleb
   211 | D        | Entered arena 6.
   211 | D        | Found a transporter.
   212 | D        | Found the +6 lightning scales {run, rElec}
   213 | D        | Reached **** piety under Makhleb
   217 | D        | Reached ***** piety under Makhleb
   217 | D        | Gained mutation: You passively map the area around you.
                  | [Deep Dwarf growth]
   217 | D        | Reached XP level 9. HP: 72/91 MP: 9/9
   223 | D        | Got the ring of Tulips {rPois Int+5}
   237 | D        | Entered arena 7.
   237 | D        | Noticed a naga mage
   237 | D        | Noticed a naga mage
   238 | D        | Found a transporter.
   240 | D        | Killed a naga mage
   245 | D        | Killed a naga mage
   255 | D        | Entered arena 8.
   255 | D        | Noticed a yaktaur
   255 | D        | Noticed a centaur warrior
   255 | D        | Noticed a yaktaur
   255 | D        | Noticed a cyclops
   255 | D        | Noticed a yaktaur captain
   256 | D        | Found a transporter.
   261 | D        | Killed a yaktaur captain
   262 | D        | Killed a cyclops
   263 | D        | Killed a centaur warrior
   263 | D        | Reached skill level 10 in Fighting
   264 | D        | Killed a yaktaur
   264 | D        | Reached ****** piety under Makhleb
   264 | D        | Reached XP level 10. HP: 79/102 MP: 10/10
   272 | D        | Got the ring of Omonesh {Ice rPois Int+2}
   285 | D        | Entered arena 9.
   286 | D        | Found a transporter.
   295 | D        | Got the ring "Tuicsig" {rF- Str+8 Int-2 SInv Stlth-}
   303 | D        | Entered arena 10.
   303 | D        | Noticed a wolf spider
   303 | D        | Noticed a wolf spider
   303 | D        | Noticed a wolf spider
   304 | D        | Found a transporter.
   307 | D        | Killed a wolf spider
   310 | D        | Killed a wolf spider
   311 | D        | Killed a wolf spider
   311 | D        | Reached skill level 15 in Axes
   336 | D        | Got the Tome of Augmentations and Stones
   341 | D        | Entered arena 11.
   342 | D        | Found a transporter.
   345 | D        | Reached skill level 15 in Shields
   347 | D        | Noticed a smoke demon
   360 | D        | Entered arena 12.
   360 | D        | Noticed a deep elf master archer
   360 | D        | Noticed a deep elf high priest
   360 | D        | Noticed a deep elf blademaster
   361 | D        | Noticed a deep elf annihilator
   361 | D        | Noticed a deep elf sorcerer
   361 | D        | Noticed a deep elf knight
   361 | D        | Noticed a deep elf archer
   361 | D        | Noticed a deep elf sorcerer
   362 | D        | Found a transporter.
   365 | D        | Shot with an arrow by a deep elf master archer

Skill      XL: |  1  2  3  4  5  6  7  8  9 10 |
---------------+-------------------------------+-----
Fighting       | 6 8 9 10 | 10.9
Axes           | 7 8 9 11 13 15 | 15.8
Armour         | 8 9 10 11 12 | 12.3
Shields        | 9 10 12 13 15 | 15.1
Stealth        | |  0.3

Action                   |  1- 3 |  4- 6 |  7- 9 | 10-12 || total
-------------------------+-------+-------+-------+-------++-------
Melee: Broad axe         |     6 |     1 |    26 |    33 ||    66
 Stab: Distracted        |       |       |       |     1 ||     1
Armor: Plate armour      |     3 |     2 |       |       ||     5
       Gold dragon scale |       |       |     4 |    20 ||    24
Dodge: Dodged            |       |       |     1 |     1 ||     2
Block: Shield            |    14 |     1 |    51 |    63 ||   129
